 Dungeon Crawl Stone Soup version 0.27-a0-380-g150de4c (webtiles) character file.

Game seed: 2150663205501833690

144 MrTaco21 the Cudgeller (level 5, 0/32 HPs)
             Began as a Gargoyle Fighter on Feb 17, 2021.
             Slain by an iguana (8 damage)
             ... on level 4 of the Dungeon.
             The game lasted 00:02:07 (2225 turns).

MrTaco21 the Cudgeller (Gargoyle Fighter)           Turns: 2225, Time: 00:02:07

Health: 0/32       AC: 10    Str: 20    XL:     5   Next: 26%
Magic:  5/5        EV:  7    Int:  9    God:
Gold:   151        SH:  9    Dex: 15    Spells: 4/4 levels left

rFire    x . .     SeeInvis .   a - +0 flail
rCold    + . .     Faith    +   c - +0 kite shield
rNeg     + . .     Spirit   .   b - +0 scale mail
rPois    ∞         Reflect  .   (no helmet)
rElec    +         Harm     .   (no cloak)
rCorr    .         Rampage  .   (no gloves)
Will     .....                  (no boots)
Stlth    ..........             i - amulet of faith {!P}
HPRegen  0.10/turn              e - ring of ice
MPRegen  0.09/turn              l - +6 ring of dexterity

@: no status effects
A: negative energy resistance 1, electricity resistance, unbreathing,
petrification resistance, miasma immunity, AC +4
a: no special abilities


You were on level 4 of the Dungeon.
You visited 1 branch of the dungeon, and saw 4 of its levels.

You collected 151 gold pieces.

Inventory:

Hand Weapons
 a - a +0 flail (weapon)
Armour
 b - a +0 scale mail (worn)
 c - a +0 kite shield (worn)
Jewellery
 e - a ring of ice (left hand)
   (You found it on level 1 of the Dungeon)
 i - an amulet of faith (around neck) {!P}
   (You found it on level 1 of the Dungeon)
 l - a +6 ring of dexterity (right hand)
   (You found it on level 1 of the Dungeon)
Scrolls
 f - a scroll of enchant armour {unknown}
 g - 7 scrolls of identify {unknown}
 h - a scroll of enchant weapon {unknown}
 m - 3 scrolls of noise {unknown}
 n - 2 scrolls of teleportation {unknown}
 p - a scroll of immolation {unknown}
 r - 2 scrolls of magic mapping {unknown}
 s - 2 scrolls of random uselessness {unknown}
Potions
 d - a potion of might
 j - 2 potions of curing {unknown}
 k - a potion of attraction {unknown}
 o - 5 potions of mutation {unknown}
 q - a potion of brilliance {unknown}
 t - a potion of flight {unknown}


   Skills:
 - Level 3.2 Fighting
 + Level 5.3 Maces & Flails
 - Level 3.2 Armour
 - Level 3.2 Shields


You had 4 spell levels left.
You didn't know any spells.
Your spell library was empty.

Dungeon Overview and Level Annotations

Branches:
Dungeon (4/15)
 Temple: D:4-7

Altars:
Ashenzari
Qazlal
Uskayaw


Innate Abilities, Weirdness & Mutations

You are resistant to torment.
Your stone body is resilient. (AC +4)
You are immune to poison.
You resist negative energy. (rN+)
You are resistant to electric shocks. (rElec)
You can survive without breathing.
You are immune to petrification.
You are immune to miasma.


Message History

No target in view!
No target in view!
No target in view!
No target in view!
No target in view!
No target in view!
An adder comes into view.
The adder hisses angrily.
An adder is nearby!
An adder is nearby!
An iguana comes into view.
The iguana hisses angrily.
You barely miss the adder. The adder barely misses you.
You block the adder's attack.
You closely miss the adder. The adder closely misses you.
You hit the adder. You block the adder's attack. x2
You closely miss the adder. The adder bites you but does no damage.
The adder barely misses you.
You hit the adder. The adder bites you but does no damage.
The adder barely misses you.
You miss the adder. The adder bites you. The adder barely misses you.
You miss the adder. The adder bites you but does no damage.
You block the adder's attack.
You barely miss the adder. You block the adder's attack.
You hit the adder. You block the adder's attack.
The adder bites you but does no damage.
You miss the adder. You block the adder's attack. x2
You hit the adder but do no damage. The adder bites you but does no damage.
You block the adder's attack.
You closely miss the adder. You block the adder's attack.
You barely miss the adder.
The adder bites you but does no damage. x2
You hit the adder.
You kill the adder!
The iguana bites you!
You closely miss the iguana. You block the iguana's attack.
You hit the iguana. The iguana bites you.
The iguana bites you but does no damage.
You closely miss the iguana. You block the iguana's attack.
You closely miss the iguana. You block the iguana's attack.
You hit the iguana. The iguana bites you!
* * * LOW HITPOINT WARNING * * *
The iguana bites you.
* * * LOW HITPOINT WARNING * * *
Unknown command.
You hit the iguana but do no damage.
The iguana bites you but does no damage.
You hit the iguana. The iguana closely misses you.
You block the iguana's attack.
You hit the iguana. The iguana bites you!
You die...

###########
...######...l......
#......<...@#
##.######...#
.........#
#.###.####.# #.# #
... #..# ...#


You could see an iguana.

Vanquished Creatures
  A hound (D:3)
  Jessica (D:2)
  3 adders
  2 worms
  3 dart slugs
  An orc (D:3)
  7 bats
  3 giant cockroaches
  3 goblins
  6 hobgoblins
  2 quokkas
  3 frilled lizards
  6 kobolds
  11 rats
52 creatures vanquished.

Notes
Turn   | Place    | Note
-------+----------+-------------------------------------------
     0 | D:1      | MrTaco21 the Gargoyle Fighter began the quest for the Orb.
     0 | D:1      | Reached XP level 1. HP: 14/14 MP: 1/1
   255 | D:1      | Reached XP level 2. HP: 19/19 MP: 2/2
   441 | D:1      | Reached skill level 3 in Maces & Flails
   771 | D:2      | Noticed Jessica
   781 | D:2      | Killed Jessica
   782 | D:2      | Reached skill level 4 in Maces & Flails
   782 | D:2      | Reached XP level 3. HP: 20/23 MP: 3/3
   905 | D:2      | Reached XP level 4. HP: 27/28 MP: 4/4
  1827 | D:3      | Reached skill level 5 in Maces & Flails
  1827 | D:3      | Reached XP level 5. HP: 26/32 MP: 5/5
  1959 | D:3      | Found a stormy altar of Qazlal.
  1960 | D:3      | Found a broken altar of Ashenzari.
  2149 | D:3      | Found a hide-covered altar of Uskayaw.
  2225 | D:4      | Slain by an iguana

Illustrated notes

Levels and vault maps discovered:
D:1:      dpeg_arrival_orchard, layout_basic
D:2:      layout_basic, uniq_jessica
D:3:      layout_loops_cross, overflow_temple_1_default,
          gammafunk_temple_overflow_pools
D:4:      layout_loops_ring, minmay_temple_entry_nine_rooms,
          gammafunk_ghost_cemetery

Skill      XL: |  1  2  3  4 |
---------------+-------------+-----
Maces & Flails | 4 5 |  5.3
Fighting       | |  3.2
Armour         | |  3.2
Shields        | |  3.2

Action                   |  1- 3 |  4- 6 || total
-------------------------+-------+-------++-------
Melee: Flail             |    85 |   101 ||   186
Armor: Scale mail        |    59 |    66 ||   125
Dodge: Dodged            |    29 |    28 ||    57
Block: Kite shield       |    46 |    58 ||   104

Table legend: (Time is in decaauts)
 A = Elapsed time spent in this place.
 B = Non-inter-level travel time spent in this place.
 C = Inter-level travel time spent in this place.
 D = Time resting spent in this place.
 E = Time spent auto-exploring this place.
 F = Levels seen in this place.
 G = Mean time per level.
                   A        B        C        D        E       F      G
               +--------+--------+--------+--------+--------+-----+--------+
         Total |   2304 |   2231 |     73 |      0 |   1759 |   4 |  576.0 |
       Dungeon |   2304 |   2231 |     73 |      0 |   1759 |   4 |  576.0 |
               +--------+--------+--------+--------+--------+-----+--------+

Top non-repeatable levels by time:
     D:2: 865 daAuts
     D:3: 712 daAuts
     D:1: 690 daAuts
     D:4: 36 daAuts
